 Dungeon Crawl Stone Soup version 0.21-a0-509-gecc5317 (webtiles) character file.

10998 zero the Geomancer (level 11, -2/54 HPs)
             Began as a Gargoyle Earth Elementalist on Nov 29, 2017.
             Was a Priest of Vehumet.
             Slain by a komodo dragon (22 damage)
             ... on level 1 of the Lair of Beasts.
             The game lasted 00:32:12 (12357 turns).

zero the Geomancer (Gargoyle Earth Elementalist)   Turns: 12357, Time: 00:32:12

Health: -2/54      AC: 16    Str: 12    XL:     11   Next: 70%
Magic:  8/23       EV: 14    Int: 21    God:    Vehumet [***...]
Gold:   218        SH:  0    Dex: 13    Spells: 13/26 levels left

rFire    . . .     SeeInvis .   r - +1 battleaxe (vamp)
rCold    . . .     Gourm    .   (shield currently unavailable)
rNeg     + . .     Faith    .   c - +0 robe
rPois    ∞         Spirit   .   q - +2 hat
rElec    +         Reflect  .   s - +1 cloak
rCorr    .         Harm     .   o - +0 pair of gloves
MR       .....                  w - +0 pair of boots
Stlth    ++........             (no amulet)
HPRegen  0.18/turn              A - +3 ring of dexterity
MPRegen  0.18/turn              (no ring)

@: about to teleport
A: hooves 1, clever 1, mutation resistance 1, negative energy resistance 1,
electricity resistance, unbreathing, petrification resistance, rot immunity, AC
+8
a: Renounce Religion


You were on level 1 of the Lair of Beasts.
You worshipped Vehumet.
Vehumet was most pleased with you.
You were not hungry.

You visited 3 branches of the dungeon, and saw 12 of its levels.

You collected 453 gold pieces.
You spent 235 gold pieces at shops.

Inventory:

Hand Weapons
 r - a +1 vampiric battleaxe (weapon)
 y - a +1 dagger of venom
Missiles
 b - 24 stones
 i - a throwing net (quivered)
Armour
 c - a +0 robe (worn)
 o - a +0 pair of gloves (worn)
 q - a +2 hat (worn)
 s - a +1 cloak (worn)
 w - a +0 pair of boots (worn)
 z - a +0 buckler
Jewellery
 t - an uncursed amulet of guardian spirit
 A - a +3 ring of dexterity (left hand)
Wands
 B - a wand of paralysis (12)
 E - a wand of flame (17)
Scrolls
 k - 2 scrolls of remove curse
 l - 7 scrolls of teleportation
 m - 2 scrolls of identify
 v - 3 scrolls of amnesia
 x - 2 scrolls of fog
 G - a scroll of enchant armour
 K - a scroll of enchant weapon
Potions
 a - 2 potions of magic
 f - 4 potions of heal wounds
 g - a potion of agility
 j - 3 potions of cancellation
 n - 6 potions of haste
 p - 3 potions of curing
 u - a potion of brilliance
 F - 2 potions of mutation {unknown}
 I - a potion of lignification {unknown}
Books
 e - a book of Geomancy

   Spells                             Type                      Level
   a - Sandblast                      Earth                        1
   b - Passwall                       Transmutation/Earth          2
   c - Stone Arrow                    Conjuration/Earth            3
   d - Petrify                        Transmutation/Earth          4
   e - Lee's Rapid Deconstruction     Earth                        5
 D - a book of Beasts

   Spells                             Type                      Level
   a - Summon Butterflies             Summoning                    1
   b - Call Canine Familiar           Summoning                    3
   c - Summon Ice Beast               Ice/Summoning                4
   d - Summon Mana Viper              Hexes/Summoning              5
   e - Summon Hydra                   Summoning                    7
Comestibles
 d - 5 bread rations
 h - 7 meat rations
 C - 11 fruits
 H - 5 royal jellies


   Skills:
 - Level 4.3 Dodging
 - Level 2.1 Stealth
 - Level 5.2 Shields
 + Level 8.1 Spellcasting
 + Level 9.0 Conjurations
   Level 0.7 Transmutations
 + Level 2.8 Air Magic
 * Level 13.0 Earth Magic
 - Level 3.1 Poison Magic


You had 13 spell levels left.
You knew the following spells:

 Your Spells              Type           Power        Failure   Level  Hunger
a - Sandblast             Erth           ######       1%          1    None
b - Stone Arrow           Conj/Erth      ######       1%          3    None
c - Lee's Rapid Deconstr  Erth           ######....   1%          5    #####..
d - Sting                 Conj/Pois      ####         1%          1    None
e - Static Discharge      Conj/Air       ####....     1%          3    None


Dungeon Overview and Level Annotations

Branches:
Dungeon (9/15)             Temple (1/1) D:5            Lair (2/6) D:9
  Swamp: Lair:2-4    Shoals: Lair:2-4     Snake: Lair:2-4    Spider: Lair:2-4
    Orc: D:9-12

Altars:
Ashenzari
Dithmenos
Elyvilon
Fedhas
Gozag
Hepliaklqana
Kikubaaqudgha
Nemelex Xobeh
Okawaru
Ru
Uskayaw
Vehumet
Xom
Yredelemnul
Zin
The Shining One

Shops:
D:8 =


Innate Abilities, Weirdness & Mutations

You are resistant to torment.
Your stone body is resilient. (AC +8)
You are immune to poison.
You resist negative energy. (rN+)
You are resistant to electric shocks. (rElec)
You can survive without breathing.
You are immune to petrification.
You are immune to rotting.
You have large cloven feet.
Your mind is acute. (Int +2)
You are somewhat resistant to further mutation.


Message History

Press: ? - help, Dir - move target cursor
Okay, then.
Casting: Lee's Rapid Deconstruction
Confirm with . or Enter, or press ? or * to list all spells.
Aiming: Stone Arrow
Press: ? - help, Shift-Dir - straight line, f - komodo dragon
Aim: a komodo dragon The stone arrow hits the komodo dragon.
The komodo dragon is moderately wounded.
The komodo dragon bites you! The elephant misses you.
The elephant trunk-slaps you but does no damage.
Casting: Stone Arrow
Confirm with . or Enter, or press ? or * to list all spells.
Aiming: Stone Arrow
Press: ? - help, Shift-Dir - straight line, f/p - komodo dragon
Aim: a komodo dragon (moderately wounded)
The stone arrow hits the komodo dragon.
The komodo dragon is heavily wounded.
The komodo dragon bites you!!
You die...

### #....# P###
.######.####..####...###
........................
........................
......<.................
........................
.>...........Y..Y.......
.######.#.##...#l######
#####....#@# #...YY##
#....Y.. #........
#...###.... #..## ###.
... ..


You could see 4 elephants and a komodo dragon.

Vanquished Creatures
  A hydra (D:9)
  3 two-headed ogres
  An elephant (Lair:1)
  A komodo dragon (Lair:1)
  2 hippogriffs
  5 blink frogs (Lair:1)
  2 dream sheep (D:9)
  3 yaks
  6 wyverns
  A steam dragon (D:9)
  A hungry ghost (D:9)
  5 porcupines (Lair:1)
  3 water moccasins
  3 orc warriors
  3 sky beasts
  A black bear (D:6)
  3 phantoms
  4 ice beasts
  2 ogres
  2 centaurs
  A crocodile (Lair:1)
  3 big kobolds (D:9)
  9 bullfrogs
  4 scorpions
  2 howler monkeys
  2 crimson imps
  A jelly (D:5)
  A bullfrog zombie (D:8)
  4 hounds
  3 orc priests
  Crazy Yiuf (D:7)
  A bullfrog skeleton (D:4)
  2 iguanas
  Terence (D:1)
  6 orc wizards
  6 worker ants
  2 hound zombies
  A hound skeleton (D:6)
  12 adders
  7 gnolls
  A howler monkey skeleton (D:9)
  An ooze (D:3)
  An adder zombie (D:8)
  3 worms
  A dart slug (D:1)
  3 leopard geckos
  31 orcs
  8 giant cockroaches
  6 hobgoblins
  4 jackals (D:6)
  8 quokkas
  3 bats
  2 frilled lizards (D:4)
  4 goblins
  A jackal skeleton (D:8)
  6 kobolds
  A leopard gecko skeleton (D:4)
  A quokka zombie (D:6)
  4 rats
  A plant (D:4)
211 creatures vanquished.

Vanquished Creatures (others)
  A fungus (Lair:2)
  3 plants
4 creatures vanquished.

Grand Total: 215 creatures vanquished

Notes
Turn   | Place    | Note
-------+----------+-------------------------------------------
     0 | D:1      | zero the Gargoyle Earth Elementalist began the quest for the Orb.
     0 | D:1      | Reached XP level 1. HP: 10/10 MP: 3/3
   236 | D:1      | Reached XP level 2. HP: 15/15 MP: 1/5
   251 | D:1      | Reached skill level 4 in Earth Magic
   912 | D:2      | Reached XP level 3. HP: 19/19 MP: 4/6
   947 | D:2      | Noticed Terence
  1168 | D:1      | Killed Terence
  1336 | D:2      | Found a shattered altar of Ashenzari.
  1387 | D:2      | Reached XP level 4. HP: 24/24 MP: 5/8
  1487 | D:2      | Learned a level 3 spell: Stone Arrow
  1680 | D:2      | Reached skill level 5 in Earth Magic
  2588 | D:3      | Reached XP level 5. HP: 28/28 MP: 7/10
  2809 | D:3      | Found a hazy altar of Hepliaklqana.
  2851 | D:4      | Reached skill level 1 in Conjurations
  2945 | D:4      | Reached XP level 6. HP: 30/32 MP: 3/11
  3091 | D:4      | Noticed a hippogriff
  3097 | D:4      | Killed a hippogriff
  3097 | D:4      | Reached skill level 6 in Earth Magic
  3097 | D:4      | Reached XP level 7. HP: 21/36 MP: 5/13
  3374 | D:4      | Found a shimmering altar of Xom.
  3374 | D:4      | Found a shimmering altar of Xom.
  3375 | D:4      | Found a shimmering altar of Xom.
  3383 | D:4      | Found a shimmering altar of Xom.
  3384 | D:4      | Found a shimmering altar of Xom.
  3384 | D:4      | Found a shimmering altar of Xom.
  3422 | D:4      | Found an opulent altar of Gozag.
  3933 | D:5      | Entered Level 5 of the Dungeon
  4187 | D:5      | Reached skill level 5 in Conjurations
  4342 | D:5      | Learned a level 5 spell: Lee's Rapid Deconstruction
  4390 | D:5      | Reached skill level 7 in Earth Magic
  4406 | D:5      | Reached skill level 5 in Spellcasting
  4406 | D:5      | Reached XP level 8. HP: 30/41 MP: 6/15
  4807 | D:5      | Found a glowing silver altar of Zin.
  4909 | D:5      | Found a staircase to the Ecumenical Temple.
  4965 | Temple   | Entered the Ecumenical Temple
  4976 | Temple   | Became a worshipper of Vehumet
  5041 | D:5      | Reached skill level 8 in Earth Magic
  5875 | D:6      | Reached skill level 9 in Earth Magic
  5888 | D:6      | Reached XP level 9. HP: 44/45 MP: 11/18
  5950 | D:6      | Reached * piety under Vehumet
  5950 | D:6      | Offered knowledge of Sting by Vehumet.
  5953 | D:6      | Learned a level 1 spell: Sting
  6258 | D:7      | Reached skill level 1 in Poison Magic
  6371 | D:7      | Found a runed door.
  6772 | D:7      | Gained mutation: You have large cloven feet. [mutagenic meat]
  7060 | D:7      | Found an iron altar of Okawaru.
  7254 | D:7      | Reached skill level 10 in Earth Magic
  7990 | D:7      | Noticed Crazy Yiuf
  7993 | D:7      | Killed Crazy Yiuf
  8024 | D:8      | Found Unebluhe's Jewellery Emporium.
  8028 | D:8      | Bought a +3 ring of dexterity for 235 gold pieces
  8171 | D:8      | Noticed a two-headed ogre
  8178 | D:8      | Killed a two-headed ogre
  8178 | D:8      | Reached XP level 10. HP: 23/50 MP: 3/20
  8421 | D:8      | Found a white marble altar of Elyvilon.
  8502 | D:8      | Found a sparkling altar of Nemelex Xobeh.
  8502 | D:8      | Found an opulent altar of Gozag.
  8519 | D:8      | Offered knowledge of Shock by Vehumet.
  8519 | D:8      | Reached skill level 11 in Earth Magic
  8837 | D:8      | Reached ** piety under Vehumet
  8842 | D:8      | Gained mutation: Your mind is acute. (Int +2) [mutagenic meat]
  8843 | D:8      | Gained mutation: You are somewhat resistant to further mutation. [mutagenic meat]
  8861 | D:8      | Found a basalt altar of Yredelemnul.
  8866 | D:8      | Found a glowing golden altar of the Shining One.
  8868 | D:8      | Noticed an angel
  8906 | D:8      | Noticed a two-headed ogre
  8919 | D:8      | Killed a two-headed ogre
 10349 | D:9      | Offered knowledge of Static Discharge by Vehumet.
 10354 | D:9      | Learned a level 3 spell: Static Discharge
 10481 | D:9      | Noticed a two-headed ogre
 10486 | D:9      | Killed a two-headed ogre
 10486 | D:9      | Reached skill level 1 in Air Magic
 10614 | D:9      | Reached skill level 12 in Earth Magic
 10614 | D:9      | Reached XP level 11. HP: 54/54 MP: 7/22
 10828 | D:9      | Noticed a two-headed hydra
 10867 | D:9      | Killed a two-headed hydra
 11247 | D:9      | Found a staircase to the Lair.
 11457 | Lair:1   | Entered Level 1 of the Lair of Beasts
 11517 | Lair:1   | Reached *** piety under Vehumet
 11579 | Lair:1   | Reached skill level 5 in Shields
 12354 | Lair:1   | Reached skill level 13 in Earth Magic
 12357 | Lair:1   | Slain by a komodo dragon

Vault maps used:
D:1:      tarquinn_simple_flora_water_f, minmay_pentomino_t2
D:2:      evilmike_ruin_ashenzari, uniq_terence
D:3:      lemuel_crystal_altar, serial_corexii_hall, corexii_hall_statues_x,
          corexii_hall_statues_x, corexii_hall_statues_i,
          corexii_hall_statues_s, first_bread
D:4:      wad_woods_stonehenge, xom_redecorated
D:5:      zin_treasury, temple_hall
D:7:      okawaru_metal_pillars_1_2, uniq_crazy_yiuf_cottage
D:8:      grunt_temple_overflow_holy_war, grunt_temple_overflow_opulence,
          elyvilon_altar_5, serial_shops, shop, serial_co_window_serial,
          co_window_corner_a, co_window_paths_b, co_window_corner_a,
          co_window_paths_a, co_window_corner_a, co_window_2corner,
          co_window_broadway_c, co_window_corner_b, glass_columns_c,
          glass_columns_a, glass_columns_a, glass_columns_c
D:9:      erik_lair_dragon, hangedman_ranch
Temple:   dshaligram_water_room_temple
Lair:1:   beast_lair_carwin_8
Lair:2:   nicolae_swamp_entry_splash_gauntlet, grunt_forest_small_clearings,
          hibernation_bobbens, grunt_megastairs_3

Skill      XL: |  1  2  3  4  5  6  7  8  9 10 11 |
---------------+----------------------------------+-----
Earth Magic    | 4 5 6 7 9 10 12 13 | 13.0
Spellcasting   | 3 4 5 6 7 8 |  8.1
Conjurations   | 2 3 5 6 7 8 9 |  9.0
Poison Magic   | 3 |  3.1
Dodging        | 2 3 4 |  4.3
Shields        | 2 4 5 |  5.2
Air Magic      | 1 2 |  2.8
Stealth        | |  2.1
Transmutations | |  0.7

Action                   |  1- 3 |  4- 6 |  7- 9 | 10-12 || total
-------------------------+-------+-------+-------+-------++-------
Melee: Unarmed           |    21 |       |       |       ||    21
       Dagger            |     4 |     8 |   128 |       ||   140
       Battleaxe         |       |       |    35 |   126 ||   161
 Cast: Sandblast         |    42 |    56 |   111 |    45 ||   254
       Stone Arrow       |       |       |    46 |    70 ||   116
       Lee's Rapid Decon |       |       |     5 |    15 ||    20
       Sting             |       |       |     3 |     5 ||     8
       Static Discharge  |       |       |       |     9 ||     9
  Use: Scroll            |     5 |     1 |    13 |     3 ||    22
 Stab: Sleeping          |       |       |     2 |     1 ||     3
  Eat: Chunk             |     2 |     4 |    15 |    11 ||    32
       Fruit             |       |     1 |     1 |     1 ||     3
       Royal jelly       |       |       |     2 |     1 ||     3
       Meat ration       |       |       |     1 |     2 ||     3
Armor: Robe              |    12 |    12 |    96 |   168 ||   288
Dodge: Dodged            |    39 |    16 |   142 |   272 ||   469

Table legend:
 A = Spawn XP
 B = Non-spawn XP
 C = Spawn XP percentage of total XP
 D = Spawn monster count
 E = Non-spawn monster count
 F = Spawn count percentage of total count
 G = Total turns spent on level
                    A         B        C        D         E        F      G
               +---------+---------+-------+---------+---------+-------+---------
         Total |       0 |   15712 |   0.0 |       0 |     210 |   0.0 | 12357
               +---------+---------+-------+---------+---------+-------+---------
           D:1 |       0 |      67 |   0.0 |       0 |      18 |   0.0 |  1199
           D:2 |       0 |      63 |   0.0 |       0 |      15 |   0.0 |   862
           D:3 |       0 |     135 |   0.0 |       0 |      14 |   0.0 |   892
           D:4 |       0 |     498 |   0.0 |       0 |      19 |   0.0 |   980
           D:5 |       0 |    1030 |   0.0 |       0 |      18 |   0.0 |  1312
           D:6 |       0 |     744 |   0.0 |       0 |      22 |   0.0 |   948
           D:7 |       0 |    1272 |   0.0 |       0 |      24 |   0.0 |  1712
           D:8 |       0 |    2729 |   0.0 |       0 |      26 |   0.0 |  1803
           D:9 |       0 |    5534 |   0.0 |       0 |      36 |   0.0 |  1948
        Lair:1 |       0 |    3309 |   0.0 |       0 |      15 |   0.0 |   457
        Lair:2 |       0 |     331 |   0.0 |       0 |       3 |   0.0 |   223
               +---------+---------+-------+---------+---------+-------+---------
